 Dungeon Crawl Stone Soup version 0.31-a0-702-gf82c85558f (webtiles) character file.

Game seed: 7372346393183112424

541 qw the Shooter (level 7, 0/44 HPs)
             Began as a Gargoyle Hunter on Sept 8, 2023.
             Slain by a gnoll
             ... wielding a +0 halberd
             ... led by a gnoll bouda
              (8 damage)
             ... on level 5 of the Dungeon.
             The game lasted 00:01:07 (3200 turns).

qw the Shooter (Gargoyle Hunter)                    Turns: 3200, Time: 00:01:07

Health: 0/44       AC: 10    Str: 14    XL:     7   Next: 26%
Magic:  7/7        EV: 10    Int: 10    God:
Gold:   23         SH:  0    Dex: 15    Spells: 6/6 levels left

rFire   . . .        Y - +0 shortbow
rCold   . . .        (shield currently unavailable)
rNeg    + . .        i - +0 ring mail
rPois   inf          (no helmet)
rElec   +            (no cloak)
rCorr   .            (no gloves)
SInv    .            (no boots)
Will    .....        a - amulet of faith
Stlth   +            f - +4 ring of slaying {mikee}
HPRegen 0.27/turn    (no ring)
MPRegen 0.10/turn

%: faith
@: no status effects
A: sickness immunity, AC +4, negative energy resistance 1, electricity
resistance, torment resistance 1, petrification resistance
a: no special abilities


You were on level 5 of the Dungeon.
You visited 1 branch of the dungeon, and saw 5 of its levels.

You collected 196 gold pieces.
You spent 173 gold pieces at shops.


Innate Abilities, Weirdness & Mutations

You are immune to sickness and miasma.
Your stone body is resilient. (AC +4)
You are immune to poison.
You resist negative energy. (rN+)
You are resistant to electric shocks. (rElec)
You are resistant to unholy torment.
You are immune to petrification.


   Skills:
 - Level 4.4 Fighting
 + Level 7.6 Ranged Weapons
 - Level 1.0 Armour
 - Level 1.5 Dodging
 - Level 1.1 Stealth


You had 6 spell levels left.
You didn't know any spells.
Your spell library was empty.

Inventory:

Hand Weapons
 Y - a +0 shortbow (weapon)
Armour
 i - a +0 ring mail (worn)
Jewellery
 a - an amulet of faith (around neck)
 f - a +4 ring of slaying (left hand) {mikee}
Scrolls
 b - a scroll of identify
Potions
 c - 2 potions of enlightenment
 d - 2 potions of curing
 e - a potion of might
 g - a potion of heal wounds
 h - a potion of cancellation
 l - a potion of lignification {unknown}

Dungeon Overview and Level Annotations

Branches:
Dungeon (5/15)
 Temple: D:4-7

Altars:
Dithmenos
Gozag

Shops:
D:1 ?   D:4 *!(!


Message History

The centaur shoots an arrow.
The arrow hits you!
You shoot an arrow. The arrow hits the centaur.
You kill the centaur!
An orc comes into view. It is wielding a +0 trident.
A gnoll comes into view. It is wielding a +0 halberd.
3185 ||| FLEEEEING.
A phantom comes into view.
3186 ||| FLEEEEING.
Found 7 gold pieces.
3187 ||| FLEEEEING.
3188 ||| FLEEEEING.
3189 ||| FLEEEEING.
3190 ||| FLEEEEING.
3191 ||| Stepping ~*~*~tactically~*~*~ (outnumbered).
3192 ||| Stepping ~*~*~tactically~*~*~ (outnumbered).
You shoot an arrow. The arrow closely misses the phantom.
You shoot an arrow.
The arrow completely misses the phantom.
You shoot an arrow. The arrow hits the phantom!
The phantom is moderately damaged.
You shoot an arrow. The arrow closely misses the phantom.
The phantom hits you.
You shoot an arrow. The arrow barely misses the phantom.
The arrow hits the gnoll!
The gnoll is severely wounded.
The phantom hits you but does no damage.
You shoot an arrow. The arrow hits the phantom.
The phantom is heavily damaged.
The orc hits you from afar with a +0 trident.
The gnoll hits you but does no damage. The phantom hits you.
The phantom blinks!
You blink.
You shoot an arrow. The arrow hits the phantom!
The phantom is severely damaged.
The phantom closely misses you.
You shoot an arrow.
The arrow hits the phantom but does no damage.
The phantom is severely damaged.
The phantom closely misses you.
The orc hits you from afar with a +0 trident.
The gnoll hits you from afar with a +0 halberd!
You die...

.###.......8....##.##.....
.# #...............#......
.###..........#.##........
.##...........).%.......).
..............##..........
..............##..........
..............##..........
?#.##........##W.....$....
.#........#..#o.@.......%#
.#.......###..g.......##.#
.##...................# .
## P............##...... #
.........<...#........ .
...............###....
P.P....$......... ...
.................. ..
##.............#..


You could see a phantom, a gnoll and an orc.

Vanquished Creatures
  An ice beast (D:5)
  A centaur (D:5)
  A scorpion (D:5)
  2 water moccasin skeletons (D:5)
  A centaur zombie (D:5)
  A hound (D:5)
  A sleepcap (D:5)
  2 hound zombies (D:5)
  3 adders
  An ufetubus (D:4)
  2 dart slugs (D:2)
  4 orcs
  6 ball pythons
  3 bats
  3 endoplasms
  A giant cockroach (D:3)
  4 goblins (D:1)
  6 hobgoblins
  3 jackals (D:3)
  3 quokkas
  4 frilled lizards
  11 kobolds
  6 rats
70 creatures vanquished.

Notes
Turn   | Place    | Note
-------+----------+-------------------------------------------
     0 | D:1      | qw the Gargoyle Hunter began the quest for the Orb.
     0 | D:1      | Reached XP level 1. HP: 12/12 MP: 1/1
     0 | D:1      | 0 ||| qw: Version: 0.3-a-76-g4403597
     0 | D:1      | 0 ||| qw: Game counter: 1181
     0 | D:1      | 0 ||| qw: Melee chars always use a shield: true
     0 | D:1      | 0 ||| qw: God list: Okawaru
     0 | D:1      | 0 ||| qw: Allow faded altars: false
     0 | D:1      | 0 ||| qw: Do Orc after clearing Dungeon:15 true
     0 | D:1      | 0 ||| qw: Do second Lair branch before Depths: true
     0 | D:1      | 0 ||| qw: Lair rune preference: random
     0 | D:1      | 0 ||| qw: Goals: Normal
     0 | D:1      | 0 ||| PLANNING D:1-11
    40 | D:1      | Found Odogamor's Magic Scroll Shoppe.
    54 | D:1      | 54 ||| SHOPLISTING 2 scrolls of identify (48 gold, have 5).
    54 | D:1      | 54 ||| SHOPLISTING 3 scrolls of enchant armour (270 gold,
                  | have 5).
    54 | D:1      | 54 ||| SHOPLISTING scroll of identify (24 gold, have 5).
    54 | D:1      | 54 ||| SHOPLISTING scroll of teleportation (36 gold, have
                  | 5).
   143 | D:1      | Reached XP level 2. HP: 17/17 MP: 2/2
   333 | D:1      | Found a faded altar of an unknown god.
   658 | D:1      | Reached XP level 3. HP: 18/21 MP: 3/3
   675 | D:1      | 675 ||| UPGRADING to +4 ring of slaying {mikee}.
   676 | D:1      | 676 ||| READING scroll labelled VORGHO UPTE.
   677 | D:1      | 677 ||| READING scroll labelled PAHILO OSUO.
   678 | D:1      | 678 ||| READING scroll labelled KIQU MYDO.
   679 | D:1      | 679 ||| READING scroll labelled BOKOSU RUFIVOKK.
   680 | D:1      | 680 ||| DRINKING 3 sedimented coppery potions.
   681 | D:1      | 681 ||| DROPPING scroll of butterflies.
   873 | D:2      | Reached skill level 5 in Ranged Weapons
  1148 | D:2      | Identified the +1 scale mail "Lorph" {rElec Str+5}
  1348 | D:2      | 1348 ||| READING scroll labelled BAGHEKEKLU.
  1353 | D:2      | 1353 ||| READING scroll labelled UMETUNGARAS.
  1594 | D:3      | Reached skill level 3 in Fighting
  1595 | D:3      | Reached XP level 4. HP: 19/28 MP: 4/4
  1761 | D:3      | Found a shadowy altar of Dithmenos.
  2069 | D:3      | Identified the +5 mace "Ceubbuti" {heavy, Fragile rN+++
                  | Str+3 SInv}
  2117 | D:3      | 2117 ||| UPGRADING to +0 ring mail.
  2127 | D:3      | 2127 ||| DROPPING +0 leather armour.
  2128 | D:3      | 2128 ||| UPGRADING to amulet of faith.
  2133 | D:3      | 2133 ||| READING 5 scrolls of identify.
  2133 | D:3      | 2133 ||| IDENTIFYING murky inky potion
  2134 | D:3      | 2134 ||| READING 4 scrolls of identify.
  2134 | D:3      | 2134 ||| IDENTIFYING white potion
  2135 | D:3      | 2135 ||| READING 3 scrolls of identify.
  2135 | D:3      | 2135 ||| IDENTIFYING fuming yellow potion
  2136 | D:3      | 2136 ||| DROPPING potion of magic.
  2305 | D:4      | Found Vilaxtig's Distillery.
  2310 | D:4      | 2310 ||| BUYING 2 potions of enlightenment (110 gold).
  2310 | D:4      | Bought 2 potions of enlightenment for 110 gold pieces
  2310 | D:4      | 2310 ||| BUYING potion of curing (33 gold).
  2310 | D:4      | Bought a potion of curing for 33 gold pieces
  2310 | D:4      | 2310 ||| SHOPLISTING potion of heal wounds (55 gold, have
                  | 20).
  2567 | D:4      | Found an opulent altar of Gozag.
  2605 | D:4      | Reached skill level 1 in Armour
  2609 | D:4      | Found Poxet's Antique Weapon Shop.
  2609 | D:4      | Found Rilok's Distillery.
  2611 | D:4      | Found Doxzeu's General Store.
  2622 | D:4      | 2622 ||| SHOPLISTING 2 potions of enlightenment (100 gold,
                  | have 49).
  2622 | D:4      | 2622 ||| BUYING potion of curing (30 gold).
  2622 | D:4      | Bought a potion of curing for 30 gold pieces
  2622 | D:4      | 2622 ||| SHOPLISTING potion of heal wounds (50 gold, have
                  | 19).
  2622 | D:4      | 2622 ||| SHOPLISTING potion of might (40 gold, have 19).
  2755 | D:4      | 2755 ||| READING 2 scrolls labelled WUZOICASO.
  2756 | D:4      | 2756 ||| READING scroll labelled QUPYLUTEYL.
  2757 | D:4      | 2757 ||| READING 2 scrolls of identify.
  2757 | D:4      | 2757 ||| IDENTIFYING inky potion
  2758 | D:4      | 2758 ||| DROPPING potion of invisibility.
  2759 | D:4      | 2759 ||| DROPPING scroll of summoning.
  2907 | D:4      | 2907 ||| SHOPLISTING runed arbalest (120 gold, have 19).
  2965 | D:5      | Entered Level 5 of the Dungeon
  2966 | D:5      | 2966 ||| PLANNING OSSUARY
  2981 | D:5      | Reached skill level 6 in Ranged Weapons
  2981 | D:5      | Reached XP level 5. HP: 18/32 MP: 5/5
  2983 | D:5      | HP: 5/32 [sleepcap (7)]
  2984 | D:5      | 2984 ||| DRINKING 2 potions of heal wounds.
  3034 | D:5      | Reached XP level 6. HP: 26/39 MP: 6/6
  3103 | D:5      | Noticed an ice beast
  3115 | D:5      | Killed an ice beast
  3147 | D:5      | Reached skill level 7 in Ranged Weapons
  3147 | D:5      | Reached XP level 7. HP: 37/44 MP: 7/7
  3185 | D:5      | 3185 ||| FLEEEEING.
  3186 | D:5      | 3186 ||| FLEEEEING.
  3187 | D:5      | 3187 ||| FLEEEEING.
  3188 | D:5      | 3188 ||| FLEEEEING.
  3189 | D:5      | 3189 ||| FLEEEEING.
  3190 | D:5      | 3190 ||| FLEEEEING.
  3191 | D:5      | 3191 ||| Stepping ~*~*~tactically~*~*~ (outnumbered).
  3192 | D:5      | 3192 ||| Stepping ~*~*~tactically~*~*~ (outnumbered).
  3200 | D:5      | HP: 8/44 [orc/+0 trident (4)]
  3200 | D:5      | Slain by a gnoll

Levels and vault maps discovered:
D:1:      roderic_dead_forest, layout_basic, hellmonk_ecumenical_altar_lost_god,
          serial_shops, shop
D:2:      layout_basic
D:3:      layout_basic, mainiacjoe_overflow_24_doors, minmay_misc_feat_pillars
D:4:      layout_basic, grunt_gozag_breadcrumbs, serial_shops,
          nicolae_shop_hallway_plus, minmay_statues_item,
          nicolae_shop_distant_corner_stores
D:5:      layout_cave_pools, serial_undead, serial_undead_d, serial_undead_e,
          serial_undead_b, serial_undead_d, nicolae_ossuary_entry_plus,
          minmay_hollow_rounded_squares, uniq_blork_the_orc

Skill      XL: |  1  2  3  4  5  6 |
---------------+-------------------+-----
Ranged Weapons | 5 6 7 |  7.6
Fighting       | 3 4 |  4.4
Armour         | 1 |  1.0
Dodging        | |  1.5
Stealth        | |  1.1

Action                     |  1- 3 |  4- 6 |  7- 9 || total
---------------------------+-------+-------+-------++-------
   Fire: Shortbow          |   111 |   110 |    15 ||   236
    Use: Scroll            |     6 |     6 |       ||    12
         Potion            |     1 |     1 |       ||     2
 Armour: Leather armour    |    24 |     2 |       ||    26
         Ring mail         |       |    38 |    15 ||    53
  Dodge: Dodged            |    33 |    37 |     4 ||    74

Table legend:
 A = Non-vault XP
 B = Vault XP
 C = Vault XP percentage of total XP
 D = Non-vault monster count
 E = Vault monster count
 F = Vault count percentage of total count
                 A         B        C        D         E       F
            +---------+---------+-------+---------+---------+-------
      Total |     556 |     217 |  28.1 |      65 |       5 |   7.1
            +---------+---------+-------+---------+---------+-------
        D:1 |      35 |       0 |   0.0 |      20 |       0 |   0.0
        D:2 |      29 |       0 |   0.0 |      10 |       0 |   0.0
        D:3 |      39 |       0 |   0.0 |      22 |       0 |   0.0
        D:4 |      40 |       0 |   0.0 |       6 |       0 |   0.0
        D:5 |     413 |     217 |  34.4 |       7 |       5 |  41.7
            +---------+---------+-------+---------+---------+-------
